 Dungeon Crawl Stone Soup version 0.19.5 (webtiles) character file.

112 sankara the Twirler (level 4, -1/39 HPs)
             Began as a Minotaur Gladiator on Mar 26, 2017.
             Slain by an orc
             ... wielding a +0 short sword
              (5 damage)
             ... on level 3 of the Dungeon.
             The game lasted 00:03:07 (1911 turns).

sankara the Twirler (Minotaur Gladiator)            Turns: 1911, Time: 00:03:07

Health: -1/39      AC: 10    Str: 23    XL:     4   Next: 64%
Magic:  3/3        EV: 11    Int:  5    God:
Gold:   98         SH:  0    Dex: 11    Spells: 0 memorised, 3 levels left

rFire  . . .     SeeInvis .     a - +0 quarterstaff
rCold  . . .     Gourm    .     m - +3 scale mail
rNeg   . . .     Faith    .     (shield currently unavailable)
rPois  .         Spirit   .     c - +0 hat
rElec  .         Reflect  .     (no cloak)
rCorr  .         Harm     .     (no gloves)
MR     .....                    v - +0 pair of boots
Stlth  ..........               (no amulet)
                                (no ring)
                                p - +3 ring of strength

@: no status effects
A: retaliatory headbutt, horns 2
a: no special abilities


You were on level 3 of the Dungeon.
You were not hungry.

You visited 1 branch of the dungeon, and saw 3 of its levels.

You collected 98 gold pieces.

Inventory:

Hand Weapons
 a - a +0 quarterstaff (weapon)
Missiles
 d - 4 throwing nets (quivered)
Armour
 c - a +0 hat (worn)
 m - a +3 scale mail (worn)
 v - a +0 pair of boots (worn)
Jewellery
 p - a +3 ring of strength (left hand)
 q - a cursed ring of loudness {unknown}
Scrolls
 e - a scroll of teleportation {unknown}
 g - 2 scrolls of enchant weapon {unknown}
 h - a scroll of fog {unknown}
 i - a scroll of noise {unknown}
 j - 4 scrolls of identify {unknown}
 k - 2 scrolls of fear {unknown}
 l - 3 scrolls of magic mapping {unknown}
 r - a scroll of immolation {unknown}
Potions
 b - 2 potions of haste {unknown}
 o - a potion of lignification {unknown}
 u - a potion of degeneration {unknown}
 w - a potion of ambrosia {unknown}
 x - a potion of brilliance {unknown}
 z - a potion of heal wounds {unknown}
 A - a potion of mutation {unknown}
Comestibles
 f - 2 bread rations
 n - 2 meat rations
 s - a slice of pizza
 t - 3 fruits


   Skills:
 + Level 3.6 Fighting
 * Level 4.9 Staves
 - Level 2.0 Throwing
 + Level 2.1 Armour
 + Level 3.8 Dodging


You had 3 spell levels left.
You didn't know any spells.

Dungeon Overview and Level Annotations

Branches:
Dungeon (3/15)

Altars:


Innate Abilities, Weirdness & Mutations

You reflexively headbutt those who attack you in melee.
You have a pair of horns on your head.


Message History

Found 9 gold pieces.
The bat hits you but does no damage. The bat barely misses you.
The bat hits you but does no damage.
The orc priest calls down the wrath of Beogh upon you.
Beogh smites you! The bat hits you. The bat closely misses you. x2
The bat hits you but does no damage.
You hit the bat.
You kill the bat!
The orc priest calls down the wrath of Beogh upon you.
Beogh smites you!
You thump the kobold!
You kill the kobold!
You barely miss the orc. Your headbutt misses the orc.
The orc priest mumbles some strange prayers to Beogh against you.
Beogh smites you!
* * * LOW HITPOINT WARNING * * *
The orc hits you with a short sword.
You die...

##### #..... ....$ #...#
#####..... ..... #...#
#...'..... ...... #...#
#.###..... ...... #...# #.#
#..... ..o.# #...# #.# #.....
... #...###.# #.....
+#..##!########.......###.....
..[......oo.o@...........>...#
.##..#....####....###........#
... ###.## #..### #.##.....# #
#.# #..# #.##.....# #.# #..##
##.##.....' #+#
#..#...#.##......
..>#.#.#.##......
....#.#.#.##......
#.#.#.##......


You could see an orc priest and 2 orcs.

Vanquished Creatures
  2 adders
  4 gnolls (D:2)
  3 worms (D:2)
  A leopard gecko (D:2)
  An orc (D:3)
  8 bats
  A giant cockroach (D:2)
  2 hobgoblins (D:1)
  7 jackals
  A frilled lizard (D:1)
  5 goblins
  7 kobolds
  8 rats
50 creatures vanquished.

Notes
Turn   | Place    | Note
-------+----------+-------------------------------------------
     0 | D:1      | sankara the Minotaur Gladiator began the quest for the Orb.
     0 | D:1      | Reached XP level 1. HP: 18/18 MP: 0/0
   137 | D:1      | Reached skill level 4 in Staves
   328 | D:1      | Reached XP level 2. HP: 25/25 MP: 1/1
   980 | D:1      | Reached skill level 1 in Armour
  1143 | D:2      | Reached XP level 3. HP: 28/30 MP: 2/2
  1213 | D:2      | Reached XP level 4. HP: 16/38 MP: 3/3
  1911 | D:3      | Slain by an orc

Skill      XL: |  1  2  3  4 |
---------------+-------------+-----
Staves         | 4 |  4.9
Armour         | 1 2 |  2.1
Fighting       | 3 |  3.6
Throwing       | |  2.0
Dodging        | |  3.8

Action                   |  1- 3 |  4- 6 || total
-------------------------+-------+-------++-------
Melee: Quarterstaff      |    57 |    31 ||    88
       Headbutt          |     8 |     3 ||    11
  Eat: Chunk             |     1 |     2 ||     3
Armor: Leather armour    |     2 |       ||     2
       Scale mail        |    41 |    14 ||    55
Dodge: Dodged            |    62 |    17 ||    79
